[Event "ICC tourney 2552 (3 2)"]
[Site "Internet Chess Club"]
[Date "2021.05.07"]
[Round "2"]
[White "SZEPOK CHUNG, RONNIE:K03-17296250"]
[Black "MAMCHIK, DANNY:K06-16671746"]
[Result "0-1"]
[ICCResult "White checkmated"]
[WhiteElo "1400"]
[BlackElo "1400"]
[Opening "French defense"]
[ECO "C00"]
[NIC "FR.01"]
[Time "18:30:27"]
[PlyCount "80"]
[TimeControl "180+2"]

1. e4 e6 2. Nf3 Nc6 3. d4 d5 4. exd5 exd5 5. Nc3 Nf6 6. Bg5 Be6 7. Qd2 Be7
8. O-O-O O-O 9. Kb1 h6 10. Bh4 Ne4 11. Nxe4 dxe4 12. Bxe7 Qxe7 13. Ne5 Nxe5
14. dxe5 Rad8 15. Qe2 Rxd1+ 16. Qxd1 Rd8 17. Qc1 Bg4 18. f3 exf3 19. Bc4
fxg2 20. Rg1 Qc5 21. Bxf7+ Kxf7 22. Qf4+ Kg8 23. Rc1 Rd1 24. Rxd1 Bxd1 25.
e6 Qxc2+ 26. Ka1 Bg4 27. a3 Qd1+ 28. Ka2 Bxe6+ 29. b3 Qc2+ 30. Ka1 Qc3+ 31.
Kb1 Qxb3+ 32. Kc1 Qxa3+ 33. Kd2 Qb2+ 34. Ke3 Qc1+ 35. Kf3 Qxf4+ 36. Kxg2
Bd5+ 37. Kg1 Qe3+ 38. Kf1 Qd2 39. h4 h5 40. Kg1 Qg2# { White checkmated }
0-1

[Event "ICC tourney 2552 (3 2)"]
[Site "Internet Chess Club"]
[Date "2021.05.07"]
[Round "2"]
[White "JAIN, ARUSH:K03-30022873"]
[Black "LIN, MAXIMUS:K03-30165114"]
[Result "1-0"]
[ICCResult "Black checkmated"]
[WhiteElo "1400"]
[BlackElo "1327"]
[Opening "Scandinavian (center counter) defense"]
[ECO "B01"]
[NIC "VO.17"]
[Time "18:29:42"]
[PlyCount "41"]
[TimeControl "180+2"]

1. e4 d5 2. Nc3 dxe4 3. Bc4 e3 4. Qf3 exf2+ 5. Kxf2 Bg4 6. Qxf7+ Kd7 7. Nb5
c6 8. d4 cxb5 9. Bxb5+ Nc6 10. d5 Nf6 11. Bg5 Bf5 12. Bxf6 Bxc2 13. Ne2
gxf6 14. Nd4 b6 15. Nxc2 a6 16. Bxc6+ Kd6 17. Qe6+ Kc5 18. Rac1 Kc4 19.
Ne3+ Kd4 20. Qg4+ Ke5 21. Nc4# { Black checkmated } 1-0

[Event "ICC tourney 2552 (3 2)"]
[Site "Internet Chess Club"]
[Date "2021.05.07"]
[Round "2"]
[White "BANG, ADITYA:K05-16841804"]
[Black "ZHONG, EVAN:K01-30064302"]
[Result "1-0"]
[ICCResult "Black resigns"]
[WhiteElo "1400"]
[BlackElo "1400"]
[Opening "Giuoco Piano"]
[ECO "C50"]
[NIC "IG.02"]
[Time "18:29:09"]
[PlyCount "39"]
[TimeControl "180+2"]

1. e4 e5 2. Nf3 Nc6 3. Bc4 Bc5 4. d4 Nxd4 5. Nxe5 Qf6 6. Nxf7 Nb3 7. O-O
Nxa1 8. Qd5 Ne7 9. Qxc5 Rf8 10. e5 Qg6 11. Qxc7 Rxf7 12. Bxf7+ Kxf7 13. b3
Qxc2 14. Qd6 Qxb1 15. Ba3 Qxa2 16. Qxe7+ Kg6 17. Qe8+ Kh6 18. Bc1+ g5 19.
Qf8+ Kg6 20. Qf6+ { Black resigns } 1-0

[Event "ICC tourney 2552 (3 2)"]
[Site "Internet Chess Club"]
[Date "2021.05.07"]
[Round "2"]
[White "KUO, DECLAN:K05-16624125"]
[Black "MCKEE, IAN:K01-17270194"]
[Result "0-1"]
[ICCResult "White checkmated"]
[WhiteElo "1400"]
[BlackElo "1400"]
[Opening "Giuoco Pianissimo: Italian four knights variation"]
[ECO "C46"]
[NIC "KP.06"]
[Time "18:30:27"]
[PlyCount "38"]
[TimeControl "180+2"]

1. e4 e5 2. Nf3 Nc6 3. Nc3 Bc5 4. Bc4 Nf6 5. d3 d6 6. O-O Bg4 7. h3 Bh5 8.
Bg5 Nd4 9. Nd5 Nxf3+ 10. gxf3 h6 11. Bh4 g5 12. Bg3 Nxd5 13. Bxd5 Qd7 14.
Bxb7 Rb8 15. Bd5 Qxh3 16. b3 g4 17. fxg4 Bxg4 18. Qe1 Bf3 19. Rd1 Qg2# {
White checkmated } 0-1

[Event "ICC tourney 2552 (3 2)"]
[Site "Internet Chess Club"]
[Date "2021.05.07"]
[Round "2"]
[White "YU, ZIRAN:K05-30074850"]
[Black "PENG, LIONEL:K03-17121368"]
[Result "0-1"]
[ICCResult "White checkmated"]
[WhiteElo "1400"]
[BlackElo "1400"]
[Opening "Giuoco Pianissimo: Italian four knights variation"]
[ECO "C47"]
[NIC "KP.06"]
[Time "18:30:46"]
[PlyCount "58"]
[TimeControl "180+2"]

1. e4 e5 2. Nf3 Nc6 3. Nc3 Nf6 4. Bc4 Bc5 5. d3 h6 6. O-O O-O 7. a3 d6 8.
b4 Bb6 9. Ne2 Bg4 10. Ng3 Nd4 11. h3 Nxf3+ 12. gxf3 Bxh3 13. Re1 Bd4 14.
Rb1 c6 15. Bd2 Qb6 16. Be3 Bxe3 17. fxe3 Rfe8 18. Kh2 Be6 19. Bxe6 fxe6 20.
c4 d5 21. exd5 exd5 22. c5 Qc7 23. a4 Rab8 24. Kg1 e4 25. dxe4 Qxg3+ 26.
Kf1 dxe4 27. fxe4 Nxe4 28. Re2 Rf8+ 29. Rf2 Qxf2# { White checkmated } 0-1

[Event "ICC tourney 2552 (3 2)"]
[Site "Internet Chess Club"]
[Date "2021.05.07"]
[Round "2"]
[White "LEE, JASMINE:K06-17014123"]
[Black "MANIKANDAN, SIDDHARTH:K05-15223658"]
[Result "0-1"]
[ICCResult "White forfeits on time"]
[WhiteElo "1400"]
[BlackElo "1400"]
[Opening "Giuoco Piano: four knights variation"]
[ECO "C50"]
[NIC "IG.02"]
[Time "18:30:27"]
[PlyCount "30"]
[TimeControl "180+2"]

1. e4 e5 2. Nf3 Nc6 3. Bc4 Bc5 4. Nc3 Nf6 5. O-O O-O 6. d3 h6 7. Be3 Bb6 8.
Re1 d6 9. Nd5 Be6 10. Nxb6 axb6 11. Bb3 d5 12. exd5 Nxd5 13. Bxd5 Qxd5 14.
c4 Qd6 15. a3 Rad8 { White forfeits on time } 0-1

[Event "ICC tourney 2552 (3 2)"]
[Site "Internet Chess Club"]
[Date "2021.05.07"]
[Round "2"]
[White "HAO, RYAN:K01-17217725"]
[Black "MUKTINUTALAPATI, MIHIR:K03-30158462"]
[Result "1-0"]
[ICCResult "Black checkmated"]
[WhiteElo "1400"]
[BlackElo "1400"]
[Opening "Four knights: Italian variation"]
[ECO "C47"]
[NIC "KP.06"]
[Time "18:29:33"]
[PlyCount "53"]
[TimeControl "180+2"]

1. e4 e5 2. Nf3 Nc6 3. Nc3 Nf6 4. Bc4 d5 5. exd5 Na5 6. Bd3 Nc6 7. dxc6
bxc6 8. O-O Bg4 9. h3 Bxf3 10. Qxf3 c5 11. b3 c6 12. Qxc6+ Ke7 13. Qxc5+
Kd7 14. Qxe5 Rc8 15. Bb2 Ng4 16. hxg4 f6 17. Qd5+ Kc7 18. Qxd8+ Rxd8 19.
Nb5+ Kb6 20. Rfe1 Bc5 21. Re6+ Ka5 22. Bc3+ Bb4 23. Bxb4+ Kxb4 24. c3+ Kc5
25. Nxa7 Kd5 26. Bc4+ Kc5 27. Rc6# { Black checkmated } 1-0

[Event "ICC tourney 2552 (3 2)"]
[Site "Internet Chess Club"]
[Date "2021.05.07"]
[Round "2"]
[White "AGARWAL, SAATVIK:K01-30138317"]
[Black "SCHMELZER, ZACHARY:K05-16849843"]
[Result "0-1"]
[ICCResult "White forfeits on time"]
[WhiteElo "1400"]
[BlackElo "1400"]
[Opening "Four knights: Italian variation"]
[ECO "C47"]
[NIC "KP.06"]
[Time "18:30:48"]
[PlyCount "28"]
[TimeControl "180+2"]

1. e4 e5 2. Nf3 Nc6 3. Nc3 Nf6 4. Bc4 Bb4 5. Ng5 O-O 6. O-O Bxc3 7. bxc3 h6
8. Nf3 Nxe4 9. d3 Nxc3 10. Qd2 Na4 11. Re1 d6 12. Bb3 Nc5 13. Ba3 Nxb3 14.
axb3 Bg4 { White forfeits on time } 0-1

[Event "ICC tourney 2552 (3 2)"]
[Site "Internet Chess Club"]
[Date "2021.05.07"]
[Round "2"]
[White "PARIKH, PARV:K01-30065214"]
[Black "S GADIPARTHI, HARIHARAN:K03-30056781"]
[Result "1-0"]
[ICCResult "Black checkmated"]
[WhiteElo "1054"]
[BlackElo "1400"]
[Opening "Alekhine's defense"]
[ECO "B02"]
[NIC "AL.10"]
[Time "18:30:07"]
[PlyCount "55"]
[TimeControl "180+2"]

1. e4 Nf6 2. Nc3 c6 3. Nf3 Na6 4. Bxa6 bxa6 5. d3 c5 6. Bf4 h6 7. d4 Ng4 8.
h3 Nf6 9. dxc5 d6 10. cxd6 exd6 11. e5 dxe5 12. Qxd8+ Kxd8 13. O-O-O+ Ke8
14. Bxe5 Nh5 15. g4 Nf6 16. Bxf6 gxf6 17. Rhe1+ Be7 18. Nd5 Be6 19. Nc7+
Kf8 20. Nxa8 Kg7 21. Nc7 Rc8 22. Nxe6+ fxe6 23. Rxe6 Re8 24. Nh4 Kf7 25.
Ree1 Bf8 26. Rd7+ Kg8 27. Rxe8 Kh8 28. Rxf8# { Black checkmated } 1-0

[Event "ICC tourney 2552 (3 2)"]
[Site "Internet Chess Club"]
[Date "2021.05.07"]
[Round "2"]
[White "LIANG, JOEY:K03-17280755"]
[Black "MANTRI, RISHITHA:K06-16467257"]
[Result "1-0"]
[ICCResult "Black checkmated"]
[WhiteElo "1400"]
[BlackElo "1400"]
[Opening "Petrov's defense"]
[ECO "C42"]
[NIC "RG.03"]
[Time "18:29:16"]
[PlyCount "125"]
[TimeControl "180+2"]

1. e4 e5 2. Nf3 Nf6 3. Nxe5 Nc6 4. Nxc6 dxc6 5. d4 Nxe4 6. Bc4 Nf6 7. O-O
Bd6 8. Re1+ Be7 9. Nc3 O-O 10. Bg5 Qd6 11. Bxf6 Bxf6 12. d5 cxd5 13. Bxd5
Bxc3 14. bxc3 Qg6 15. Bb3 Bh3 16. Qf3 Bg4 17. Qxb7 Bh3 18. Qf3 Bg4 19. Qg3
Rfe8 20. Rxe8+ Rxe8 21. Qxc7 Bf3 22. Qg3 Qxg3 23. hxg3 Bh5 24. f3 Bg6 25.
Rd1 h6 26. Rd7 a6 27. Ra7 Re1+ 28. Kf2 Rc1 29. Rxa6 Bxc2 30. Bxc2 Rxc2+ 31.
Kg1 Rxc3 32. a4 Kf8 33. a5 Ke8 34. Ra8+ Kd7 35. Rg8 Ra3 36. Rxg7 Ra1+ 37.
Kh2 Rxa5 38. Rxf7+ Ke6 39. Rh7 Rh5+ 40. Kg1 Kf5 41. g4+ Kg6 42. gxh5+ Kxh7
43. g4 Kg7 44. Kg2 Kf6 45. Kg3 Kg5 46. f4+ Kf6 47. Kh4 Kg7 48. g5 hxg5+ 49.
fxg5 Kh7 50. h6 Kg8 51. Kh5 Kh7 52. g6+ Kh8 53. g7+ Kh7 54. Kg5 Kg8 55. Kf6
Kh7 56. Kf7 Kxh6 57. g8=Q Kh5 58. Kf6 Kh4 59. Kf5 Kh3 60. Qg4+ Kh2 61. Kf4
Kh1 62. Kf3 Kh2 63. Qg2# { Black checkmated } 1-0

[Event "ICC tourney 2552 (3 2)"]
[Site "Internet Chess Club"]
[Date "2021.05.07"]
[Round "2"]
[White "KAUL, KABIR:K05-30154365"]
[Black "AMUTHAN, NIKHIL:K03-17107695"]
[Result "1-0"]
[ICCResult "Black checkmated"]
[WhiteElo "1209"]
[BlackElo "1400"]
[Opening "Ruy Lopez: Berlin defense"]
[ECO "C65"]
[NIC "RL.07"]
[Time "18:29:31"]
[PlyCount "51"]
[TimeControl "180+2"]

1. e4 e5 2. Nf3 Nc6 3. Bb5 Nf6 4. Bxc6 bxc6 5. O-O Bc5 6. Nc3 O-O 7. Nxe5
d6 8. d4 Bb6 9. Nf3 d5 10. exd5 cxd5 11. Bf4 Re8 12. Re1 Bg4 13. Rxe8+ Qxe8
14. h3 Bf5 15. Ne5 Bxd4 16. Qxd4 Nh5 17. g4 Nxf4 18. Qxf4 Bxc2 19. Nxd5 c6
20. Nc7 Qc8 21. Nxa8 Qxa8 22. Qxf7+ Kh8 23. Qc4 Qe8 24. Re1 Qb8 25. Nxc6
Qxb2 26. Re8# { Black checkmated } 1-0

[Event "ICC tourney 2552 (3 2)"]
[Site "Internet Chess Club"]
[Date "2021.05.07"]
[Round "2"]
[White "SINHA, AANVI:K05-16964627"]
[Black "OUYANG, RAYMOND:K01-30136126"]
[Result "0-1"]
[ICCResult "White checkmated"]
[WhiteElo "1400"]
[BlackElo "1400"]
[Opening "KP: Indian opening"]
[ECO "C20"]
[NIC "KP.10"]
[Time "18:29:47"]
[PlyCount "52"]
[TimeControl "180+2"]

1. e4 e5 2. d3 Nf6 3. Nf3 Nc6 4. Be3 Be7 5. d4 exd4 6. Bxd4 Nxd4 7. Nxd4
O-O 8. Bc4 Re8 9. O-O Nxe4 10. Bd3 Nf6 11. Nf5 Bc5 12. c3 d6 13. b4 Bb6 14.
Nd4 a6 15. Bb5 axb5 16. Nxb5 Bd7 17. Re1 Rxe1+ 18. Qxe1 Bxb5 19. c4 Bxc4
20. Nd2 Be6 21. Nf3 h6 22. Rd1 Ng4 23. Nd4 Qf6 24. Nb3 Bxf2+ 25. Kf1 Bxe1+
26. Kxe1 Qf2# { White checkmated } 0-1

[Event "ICC tourney 2552 (3 2)"]
[Site "Internet Chess Club"]
[Date "2021.05.07"]
[Round "2"]
[White "COLLIER, ZANE:K06-30119849"]
[Black "KIRILOV SAKALIYSKI, CHRISTOPHER:K05-16115040"]
[Result "0-1"]
[ICCResult "White resigns"]
[WhiteElo "1400"]
[BlackElo "1400"]
[Opening "Modern defense"]
[ECO "A42"]
[NIC "OI.07"]
[Time "18:30:06"]
[PlyCount "79"]
[TimeControl "180+2"]

1. d4 d6 2. c4 g6 3. Nc3 Bg7 4. e3 Nf6 5. Nf3 O-O 6. Be2 Nc6 7. O-O Re8 8.
Qc2 e5 9. d5 Ne7 10. e4 Nd7 11. Be3 Rf8 12. Rfd1 f5 13. exf5 gxf5 14. Bd3
e4 15. Nxe4 fxe4 16. Bxe4 Nf6 17. Ng5 Nxe4 18. Qxe4 Bf5 19. Qh4 h6 20. Nf3
Ng6 21. Qg3 Qd7 22. Nd4 a6 23. Nxf5 Qxf5 24. f3 Rae8 25. Qf2 Nf4 26. Bxf4
Qxf4 27. g3 Qf5 28. Re1 Rxe1+ 29. Rxe1 Qxf3 30. Qxf3 Rxf3 31. Re8+ Kh7 32.
Kg2 Rf7 33. b3 Kg6 34. Re6+ Rf6 35. Re4 Kf7 36. h4 Rg6 37. Rf4+ Ke7 38. Kh3
Be5 39. Rf2 Rxg3+ 40. Kh2 { White resigns } 0-1

[Event "ICC tourney 2552 (3 2)"]
[Site "Internet Chess Club"]
[Date "2021.05.07"]
[Round "2"]
[White "YURKO, MAXWELL:K06-30167737"]
[Black "RAJEEV, AMEYA:K05-16305755"]
[Result "0-1"]
[ICCResult "White checkmated"]
[WhiteElo "1400"]
[BlackElo "1400"]
[Opening "Sicilian defense"]
[ECO "B30"]
[NIC "SI.31"]
[Time "18:30:07"]
[PlyCount "94"]
[TimeControl "180+2"]

1. e4 c5 2. Nf3 Nc6 3. Bc4 g6 4. Nc3 Bg7 5. d4 cxd4 6. Nd5 e6 7. Nf4 Nge7
8. Ne2 d5 9. exd5 exd5 10. Bb5 O-O 11. Bxc6 Nxc6 12. Nfxd4 Nxd4 13. Nxd4
Re8+ 14. Be3 a6 15. Nf3 d4 16. Nxd4 Bxd4 17. O-O Bxe3 18. Qxd8 Rxd8 19.
fxe3 Bf5 20. c3 Rac8 21. Rf2 Rd3 22. Re1 Re8 23. Rfe2 Bg4 24. Rf2 Rdxe3 25.
Ref1 R3e7 26. h3 Be6 27. b3 Rc7 28. c4 b5 29. cxb5 axb5 30. Rf3 b4 31. Rf4
Rc2 32. R1f2 Rc1+ 33. Kh2 Rb8 34. R2f3 Rc2 35. a4 bxa3 36. b4 a2 37. Rf1
Rb2 38. b5 Rb1 39. Kg3 a1=Q 40. Rxb1 Qxb1 41. Rc4 Bxc4 42. Kh2 Qxb5 43. Kg3
Qe5+ 44. Kh4 Qf4+ 45. g4 g5+ 46. Kh5 Qf6 47. h4 Qg6# { White checkmated }
0-1

[Event "ICC tourney 2552 (3 2)"]
[Site "Internet Chess Club"]
[Date "2021.05.07"]
[Round "2"]
[White "SUDEENDRA, SANKARSHANA:K06-30017519"]
[Black "ARUN, AKSHARA:K03-30106802"]
[Result "1-0"]
[ICCResult "Black forfeits on time"]
[WhiteElo "1573"]
[BlackElo "1400"]
[Opening "Scotch opening"]
[ECO "C44"]
[NIC "KP.10"]
[Time "18:29:31"]
[PlyCount "31"]
[TimeControl "180+2"]

1. e4 e5 2. Nf3 Nc6 3. d4 d6 4. d5 Nb4 5. a3 Na6 6. Bb5+ Bd7 7. Bxd7+ Qxd7
8. Be3 Nf6 9. Nc3 c6 10. dxc6 bxc6 11. Qd3 Nc5 12. Bxc5 dxc5 13. Qxd7+ Nxd7
14. O-O-O Rd8 15. Na4 Be7 16. Nc3 { Black forfeits on time } 1-0

[Event "ICC tourney 2552 (3 2)"]
[Site "Internet Chess Club"]
[Date "2021.05.07"]
[Round "2"]
[White "LIU, NOAH:K01-30169741"]
[Black "MOHAN, KRISH:K05-30146020"]
[Result "0-1"]
[ICCResult "White checkmated"]
[WhiteElo "1400"]
[BlackElo "1400"]
[Opening "French defense"]
[ECO "C00"]
[NIC "FR.01"]
[Time "18:29:37"]
[PlyCount "82"]
[TimeControl "180+2"]

1. e4 e6 2. Nf3 d5 3. d3 dxe4 4. dxe4 Qxd1+ 5. Kxd1 Nc6 6. Nc3 Bd7 7. b3
O-O-O 8. Bd2 Bb4 9. a3 Bd6 10. Nb5 a6 11. Nxd6+ cxd6 12. Ng5 Nh6 13. Nxf7
Nxf7 14. Bb4 Nfe5 15. g3 Rhf8 16. Bd2 Rxf2 17. Rg1 Rxh2 18. Bg2 Rh5 19. Bf1
Nf3 20. Rg2 Nxd2 21. Rxd2 Kc7 22. g4 Rg5 23. Rg2 e5 24. Be2 h5 25. Bf3 hxg4
26. Be2 Nd4 27. Bxg4 Rxg4 28. Rxg4 Bxg4+ 29. Kc1 Rf8 30. b4 Rf1+ 31. Kd2
Rxa1 32. c3 Rd1+ 33. Ke3 Nc2+ 34. Kf2 Rd2+ 35. Kg1 Kd7 36. Kh1 Ke7 37. Kg1
Kf6 38. Kh1 Kg5 39. Kg1 Kf4 40. Kh1 Kg3 41. Kg1 Rd1# { White checkmated }
0-1

[Event "ICC tourney 2552 (3 2)"]
[Site "Internet Chess Club"]
[Date "2021.05.07"]
[Round "2"]
[White "CHAN, JACOB:K03-30165089"]
[Black "LIU, YUHAN:K01-30045742"]
[Result "0-1"]
[ICCResult "White forfeits on time"]
[WhiteElo "1400"]
[BlackElo "1400"]
[Opening "Hungarian defense"]
[ECO "C50"]
[NIC "IG.03"]
[Time "18:29:34"]
[PlyCount "48"]
[TimeControl "180+2"]

1. e4 e5 2. Nf3 Nc6 3. Bc4 Be7 4. Nh4 Nf6 5. Qh5 Nxh5 6. O-O O-O 7. c3 Bxh4
8. g3 Bg5 9. d4 exd4 10. Bxg5 Qxg5 11. h4 Qg6 12. Na3 d6 13. Rae1 Bg4 14.
f3 Bh3 15. g4 Bxf1 16. Bxf1 Ng3 17. Bh3 d3 18. h5 Qh6 19. Nb5 Rac8 20. Nd4
Nxd4 21. cxd4 Rfe8 22. Rd1 Rcd8 23. Rxd3 Ne2+ 24. Kf1 Nc1 { White forfeits
on time } 0-1

[Event "ICC tourney 2552 (3 2)"]
[Site "Internet Chess Club"]
[Date "2021.05.07"]
[Round "2"]
[White "ZHOU, MASON:K06-16827638"]
[Black "J CHEN, LUCAS:K03-16913511"]
[Result "0-1"]
[ICCResult "White forfeits on time"]
[WhiteElo "1400"]
[BlackElo "1400"]
[Opening "Sicilian: accelerated fianchetto, modern variation"]
[ECO "B34"]
[NIC "SI.33"]
[Time "18:29:01"]
[PlyCount "44"]
[TimeControl "180+2"]

1. e4 c5 2. Nf3 Nc6 3. d4 cxd4 4. Nxd4 g6 5. Nc3 Bg7 6. Be3 Nf6 7. Be2 O-O
8. O-O Qc7 9. Kh1 d6 10. f4 Bd7 11. Qe1 Nxd4 12. Bxd4 b6 13. Qg3 Qc6 14.
Bf3 Qc4 15. Bf2 Rae8 16. Be2 Qc6 17. Be3 e5 18. fxe5 dxe5 19. Rad1 Re7 20.
Bg5 Rfe8 21. Bd3 Re6 22. Be2 Rd8 { White forfeits on time } 0-1

[Event "ICC tourney 2552 (3 2)"]
[Site "Internet Chess Club"]
[Date "2021.05.07"]
[Round "2"]
[White "WENG, JOHNSON:K01-30136161"]
[Black "MUKTINUTALAPATI, NIKHIL:K05-16577451"]
[Result "1-0"]
[ICCResult "Black forfeits on time"]
[WhiteElo "1400"]
[BlackElo "1400"]
[Opening "Scotch game"]
[ECO "C45"]
[NIC "SO.04"]
[Time "18:29:47"]
[PlyCount "27"]
[TimeControl "180+2"]

1. e4 e5 2. Nf3 Nc6 3. d4 exd4 4. Nxd4 Ne5 5. f4 Ng6 6. f5 Nf4 7. Bxf4 Qh4+
8. g3 Qf6 9. Bg2 Bb4+ 10. c3 Bc5 11. O-O Ne7 12. Kh1 O-O 13. e5 Qb6 14. Nb3
{ Black forfeits on time } 1-0

[Event "ICC tourney 2552 (3 2)"]
[Site "Internet Chess Club"]
[Date "2021.05.07"]
[Round "2"]
[White "HOJA, SABRINA:K05-16995856"]
[Black "JIANG, RONGYU:K01-30082248"]
[Result "1-0"]
[ICCResult "Black forfeits on time"]
[WhiteElo "1400"]
[BlackElo "1400"]
[Opening "QGD: Marshall defense"]
[ECO "D06"]
[NIC "QP.08"]
[Time "18:29:47"]
[PlyCount "39"]
[TimeControl "180+2"]

1. d4 d5 2. c4 Nf6 3. cxd5 Nxd5 4. e4 Nb6 5. Nf3 e6 6. Nc3 Nc6 7. Bf4 Bb4
8. a3 Bd6 9. e5 Be7 10. Be2 O-O 11. O-O Bd7 12. Qd2 Rc8 13. Bg5 Bxg5 14.
Nxg5 h6 15. Nf3 Qe7 16. Bd3 Rfe8 17. Bc2 Na5 18. Qd3 g6 19. h4 c5 20. h5 {
Black forfeits on time } 1-0

[Event "ICC tourney 2552 (3 2)"]
[Site "Internet Chess Club"]
[Date "2021.05.07"]
[Round "2"]
[White "CHEN, SHUANG:K03-30071645"]
[Black "PIERRE LOUIS, ELANA:K05-17258051"]
[Result "1-0"]
[ICCResult "Black resigns"]
[WhiteElo "1400"]
[BlackElo "1466"]
[Opening "Philidor's defense"]
[ECO "C41"]
[NIC "KP.10"]
[Time "18:29:31"]
[PlyCount "29"]
[TimeControl "180+2"]

1. e4 e5 2. Nf3 d6 3. Nc3 f6 4. Bc4 Ne7 5. O-O c5 6. h3 Qd7 7. d3 Qc6 8.
Bb5 Qxb5 9. Nxb5 Nec6 10. Nc7+ Kd7 11. Nxa8 Ke8 12. Nc7+ Kd7 13. Nd5 Na6
14. Be3 Kd8 15. c3 { Black resigns } 1-0

[Event "ICC tourney 2552 (3 2)"]
[Site "Internet Chess Club"]
[Date "2021.05.07"]
[Round "2"]
[White "BHATT, DEV:K05-16675618"]
[Black "KRISHNAN, MIHIKA:K05-16596204"]
[Result "1-0"]
[ICCResult "Black forfeits on time"]
[WhiteElo "1520"]
[BlackElo "1400"]
[Opening "Tennison (Lemberg, Zukertort) gambit"]
[ECO "A06"]
[NIC "QP.09"]
[Time "18:29:30"]
[PlyCount "59"]
[TimeControl "180+2"]

1. Nf3 d5 2. e4 dxe4 3. Ng5 Bf5 4. Nc3 Nf6 5. d3 exd3 6. Bxd3 Bxd3 7. Qxd3
Qxd3 8. cxd3 h6 9. Nf3 Nc6 10. O-O e5 11. Be3 Bd6 12. Rad1 O-O 13. d4 exd4
14. Nxd4 Nxd4 15. Bxd4 Ng4 16. g3 c5 17. Be3 Nxe3 18. fxe3 Bc7 19. Nd5 Be5
20. b3 b6 21. Nf4 Rfe8 22. Nd5 Bd6 23. Nf6+ gxf6 24. Rxd6 Rxe3 25. Rdxf6
Re7 26. Rxh6 Kg7 27. Rhf6 Rf8 28. g4 Re2 29. h4 Rxa2 30. g5 { Black
forfeits on time } 1-0

[Event "ICC tourney 2552 (3 2)"]
[Site "Internet Chess Club"]
[Date "2021.05.07"]
[Round "2"]
[White "PRABU, VEDANTH:K06-15651522"]
[Black "SINHA, AANYA:K01-30168307"]
[Result "1-0"]
[ICCResult "Black checkmated"]
[WhiteElo "1400"]
[BlackElo "1400"]
[Opening "King's pawn game"]
[ECO "C50"]
[NIC "IG.03"]
[Time "18:29:41"]
[PlyCount "53"]
[TimeControl "180+2"]

1. e4 e5 2. Nf3 Nc6 3. Bc4 d5 4. Bxd5 f6 5. d3 f5 6. exf5 Nh6 7. Bxc6+ bxc6
8. Nc3 Nxf5 9. O-O Be7 10. Re1 O-O 11. Nxe5 Nd4 12. Be3 c5 13. Bxd4 cxd4
14. Nc6 Qe8 15. Nxe7+ Kh8 16. Ng6+ Kg8 17. Rxe8 Rxe8 18. Nd5 Re1+ 19. Qxe1
hxg6 20. Qe8+ Kh7 21. Qe7 c6 22. Nf6+ Kh6 23. Re1 g5 24. Ng4+ Kg6 25. Re6+
Kh5 26. Re5 Be6 27. Qxg5# { Black checkmated } 1-0

[Event "ICC tourney 2552 (3 2)"]
[Site "Internet Chess Club"]
[Date "2021.05.07"]
[Round "2"]
[White "FU, JAYDEN:K01-30152838"]
[Black "ENMING LIN, BRYAN:K05-30020975"]
[Result "0-1"]
[ICCResult "White checkmated"]
[WhiteElo "1400"]
[BlackElo "1400"]
[Opening "Scotch game"]
[ECO "C45"]
[NIC "SO.05"]
[Time "18:30:27"]
[PlyCount "48"]
[TimeControl "180+2"]

1. e4 e5 2. Nf3 Nc6 3. d4 exd4 4. Nxd4 Bc5 5. Nxc6 Qf6 6. Qe2 Qxc6 7. Qb5
Ne7 8. Qc4 O-O 9. b4 Bb6 10. Qxc6 Nxc6 11. b5 Nd4 12. c3 Nc2+ 13. Kd1 Nxa1
14. Na3 d5 15. Bb2 dxe4 16. Bxa1 Bxf2 17. Ke2 e3 18. c4 Bg4+ 19. Kd3 Rad8+
20. Ke4 f5+ 21. Kf4 h6 22. Bd3 Rxd3 23. Nb1 Re8 24. Rf1 g5# { White
checkmated } 0-1

[Event "ICC tourney 2552 (3 2)"]
[Site "Internet Chess Club"]
[Date "2021.05.07"]
[Round "2"]
[White "THOMPSON, PETER:K06-16717682"]
[Black "PETRELLA, GUGLIELMO:K03-16792997"]
[Result "1-0"]
[ICCResult "Black checkmated"]
[WhiteElo "1400"]
[BlackElo "1400"]
[Opening "QGD: Chigorin defense"]
[ECO "D07"]
[NIC "QP.08"]
[Time "18:30:07"]
[PlyCount "49"]
[TimeControl "180+2"]

1. d4 d5 2. c4 Nc6 3. c5 e5 4. e3 exd4 5. exd4 Nf6 6. Qe2+ Be6 7. Qd3 Be7
8. Nf3 O-O 9. Be2 Qd7 10. O-O Ng4 11. h3 Nf6 12. Bf4 Bxh3 13. gxh3 Qxh3 14.
Ng5 Qh4 15. Nc3 Qxf4 16. Nxd5 Qxg5+ 17. Kh1 Qxd5+ 18. Bf3 Qg5 19. Rg1 Qh4+
20. Kg2 Nxd4 21. Bxb7 Ng4 22. Rh1 Qxf2+ 23. Kh3 Qh4+ 24. Kg2 Qg5 25. Qxh7#
{ Black checkmated } 1-0

[Event "ICC tourney 2552 (3 2)"]
[Site "Internet Chess Club"]
[Date "2021.05.07"]
[Round "2"]
[White "NATHAN, KRISH:K06-16190973"]
[Black "JAIN, VIAAN:K01-30173117"]
[Result "1-0"]
[ICCResult "Black checkmated"]
[WhiteElo "1400"]
[BlackElo "1400"]
[Opening "King's knight opening"]
[ECO "C40"]
[NIC "KP.10"]
[Time "18:30:24"]
[PlyCount "51"]
[TimeControl "180+2"]

1. e4 e5 2. Nf3 Bc5 3. Nxe5 Qh4 4. Qe2 d6 5. Nf3 Qf6 6. Nc3 Nh6 7. d4 Bb6
8. e5 dxe5 9. dxe5 Qe6 10. Be3 c5 11. Nb5 Ng4 12. Bxc5 Bxc5 13. Nc7+ Ke7
14. Nxe6 Kxe6 15. Ng5+ Kf5 16. f4 Bf2+ 17. Kd1 Rd8+ 18. Kc1 Ne3 19. g4+ Kg6
20. h4 Bxg4 21. h5+ Kf5 22. Bh3 Bxh3 23. Qxf2 Bg2 24. Re1 Ng4 25. Qxg2 Na6
26. Qe4# { Black checkmated } 1-0

[Event "ICC tourney 2552 (3 2)"]
[Site "Internet Chess Club"]
[Date "2021.05.07"]
[Round "2"]
[White "MADDINENI, SHISHIR:K05-17244051"]
[Black "PRESSON, LULU:K01-30166313"]
[Result "1-0"]
[ICCResult "Black forfeits on time"]
[WhiteElo "1400"]
[BlackElo "1400"]
[Opening "French defense"]
[ECO "C00"]
[NIC "FR.01"]
[Time "18:28:55"]
[PlyCount "55"]
[TimeControl "180+2"]

1. e4 e6 2. Nf3 b6 3. a4 Bb7 4. Nc3 Bb4 5. d3 Nf6 6. Bd2 O-O 7. Be2 Bxc3 8.
Bxc3 Re8 9. O-O d6 10. a5 bxa5 11. Bxa5 Nbd7 12. Qd2 Rb8 13. Qc3 h6 14.
Bxc7 Nd5 15. exd5 exd5 16. Bxd8 Rxe2 17. Ba5 Rc8 18. Qb3 Ba6 19. Qxd5 Rexc2
20. Qxd6 Rxb2 21. Qxd7 Rcc2 22. Rfc1 Rxc1+ 23. Rxc1 Ra2 24. Qd5 Rb2 25. Qd6
Rb5 26. Qxa6 Rf5 27. Rc8+ Kh7 28. Nh4 { Black forfeits on time } 1-0